| TOP OF THE 1ST |
|
Quincy Cubs batting - Pitching for Cedar Rapids Cardinals : RHP Brian Holton
|
|
Pitching: RHP Brian Holton
|
|
|
Batting: RHB Alex Juarez
|
0-0: Fly out, F9 (Flyball, 89M, EV 81.9 MPH)
|
|
Batting: RHB Jack Ayer
|
0-0: Ball 1-0: Called Strike 1-1: Foul Ball, location: 2F 1-2: Ball 2-2: Foul Ball, location: 2F 2-2: Ground out 4-3 (Groundball, 13, EV 90.6 MPH)
|
|
Batting: SHB Willie Perez
|
0-0: Ball 1-0: Ball 2-0: SINGLE (Line Drive, 6MD, EV 96.9 MPH)
|
|
Batting: RHB Wes Clements
|
0-0: Ball 1-0: Fly out, F8 (Flyball, 89D, EV 103.1 MPH)
|
| Top of the 1st over - 0 runs, 1 hit, 0 errors, 1 left on base; Quincy 0 - Cedar Rapids 0 |
| BOTTOM OF THE 1ST |
|
Cedar Rapids Cardinals batting - Pitching for Quincy Cubs : RHP Charles Hudson
|
|
Pitching: RHP Charles Hudson
|
|
|
Batting: SHB Steve McAllister
|
0-0: Called Strike 0-1: Ground out 6-3 (Groundball, 6, EV 93.1 MPH)
|
|
Batting: RHB Reggie D Williams
|
0-0: Ball 1-0: Called Strike 1-1: Ball 2-1: Ball 3-1: Foul Ball, location: 2F 3-2: Strikes out looking
|
|
Batting: RHB Nehames Bernstine
|
0-0: Ball 1-0: Ground out 2-3 (Groundball, 2L, EV 66.3 MPH)
|
| Bottom of the 1st over - 0 runs, 0 hits, 0 errors, 0 left on base; Quincy 0 - Cedar Rapids 0 |
| TOP OF THE 2ND |
|
Quincy Cubs batting - Pitching for Cedar Rapids Cardinals : RHP Brian Holton
|
|
Batting: RHB Jerry Fry
|
0-0: Ball 1-0: Ball 2-0: Ball 3-0: Foul Ball, location: 2F 3-1: Foul Ball, location: 2F 3-2: Strikes out swinging
|
|
Batting: RHB Billy Best
|
0-0: Ball 1-0: Ground out 3-1 (Groundball, 13, EV 92.5 MPH)
|
|
Batting: RHB Garry Keeton
|
0-0: Ball 1-0: Called Strike 1-1: Fly out, F3 (Line Drive, 3, EV 65.6 MPH)
|
| Top of the 2nd over - 0 runs, 0 hits, 0 errors, 0 left on base; Quincy 0 - Cedar Rapids 0 |
| BOTTOM OF THE 2ND |
|
Cedar Rapids Cardinals batting - Pitching for Quincy Cubs : RHP Charles Hudson
|
|
Batting: RHB Winston Ficklin
|
0-0: Ground out 6-3 (Groundball, 6, EV 103.1 MPH)
|
|
Batting: RHB Carson Carroll
|
0-0: Ball 1-0: Ball 2-0: Ball 3-0: Called Strike 3-1: Foul Ball, location: 2F 3-2: Base on Balls
|
|
Batting: RHB Dean Kornacker
|
0-0: Ball 1-0: Ball 2-0: Called Strike 2-1: Swinging Strike 2-2: Ball 3-2: SINGLE (Groundball, 34, EV 115.0 MPH) Carson Carroll to second Carson Carroll to third
|
|
Batting: SHB Bryan Hoppie
|
0-0: Ball 1-0: Called Strike 1-1: Foul Ball, location: 2F 1-2: Strikes out swinging
|
|
Batting: SHB Duane Johnson
|
Pickoff Throw to First - Out! 1-3
|
| Bottom of the 2nd over - 0 runs, 1 hit, 0 errors, 1 left on base; Quincy 0 - Cedar Rapids 0 |
| TOP OF THE 3RD |
|
Quincy Cubs batting - Pitching for Cedar Rapids Cardinals : RHP Brian Holton
|
|
Batting: LHB Dennis Mork
|
0-0: Ball 1-0: Ball 2-0: Bunted foul 2-1: Called Strike 2-2: Fly out, F7 (Flyball, 7LM, EV 95.6 MPH)
|
|
Batting: RHB Richard Palmer
|
0-0: Ball 1-0: Ground out 6-3 (Groundball, 6, EV 100.0 MPH)
|
|
Batting: RHB Alex Juarez
|
0-0: Called Strike 0-1: Ball 1-1: Called Strike 1-2: Ball 2-2: Ball 3-2: Strikes out swinging
|
| Top of the 3rd over - 0 runs, 0 hits, 0 errors, 0 left on base; Quincy 0 - Cedar Rapids 0 |
| BOTTOM OF THE 3RD |
|
Cedar Rapids Cardinals batting - Pitching for Quincy Cubs : RHP Charles Hudson
|
|
Batting: SHB Duane Johnson
|
0-0: Ground out 6-3 (Groundball, 6M, EV 100.0 MPH)
|
|
Batting: RHB Orlando Ramirez
|
0-0: Ball 1-0: Called Strike 1-1: Called Strike 1-2: Strikes out swinging
|
|
Batting: SHB Steve McAllister
|
0-0: Fly out, F8 (Line Drive, 8RM, EV 83.8 MPH)
|
| Bottom of the 3rd over - 0 runs, 0 hits, 0 errors, 0 left on base; Quincy 0 - Cedar Rapids 0 |
| TOP OF THE 4TH |
|
Quincy Cubs batting - Pitching for Cedar Rapids Cardinals : RHP Brian Holton
|
|
Batting: RHB Jack Ayer
|
0-0: Ball 1-0: Called Strike 1-1: Ball 2-1: Called Strike 2-2: Foul Ball, location: 2F 2-2: Foul Ball, location: 2F 2-2: Foul Ball, location: 2F 2-2: Foul Ball, location: 2F 2-2: Strikes out looking
|
|
Batting: SHB Willie Perez
|
0-0: Foul Ball, location: 2F 0-1: Ball 1-1: Ball 2-1: Foul Ball, location: 2F 2-2: Ground out 4-3 (Groundball, 4, EV 85.6 MPH)
|
|
Batting: RHB Wes Clements
|
0-0: Fly out, F9 (Flyball, 9, EV 85.6 MPH)
|
| Top of the 4th over - 0 runs, 0 hits, 0 errors, 0 left on base; Quincy 0 - Cedar Rapids 0 |
| BOTTOM OF THE 4TH |
|
Cedar Rapids Cardinals batting - Pitching for Quincy Cubs : RHP Charles Hudson
|
|
Batting: RHB Reggie D Williams
|
0-0: Ball 1-0: Ball 2-0: Ground out U3 (Groundball, 3S, EV 84.4 MPH)
|
|
Batting: RHB Nehames Bernstine
|
0-0: Ground out U3 (Groundball, 34, EV 99.4 MPH)
|
|
Batting: RHB Winston Ficklin
|
0-0: Called Strike 0-1: Called Strike 0-2: Ball 1-2: Fly out, F7 (Flyball, 78S, EV 86.9 MPH)
|
| Bottom of the 4th over - 0 runs, 0 hits, 0 errors, 0 left on base; Quincy 0 - Cedar Rapids 0 |
| TOP OF THE 5TH |
|
Quincy Cubs batting - Pitching for Cedar Rapids Cardinals : RHP Brian Holton
|
|
Batting: RHB Jerry Fry
|
0-0: Ball 1-0: Called Strike 1-1: Called Strike 1-2: Ball 2-2: Ground out 5-3 (Groundball, 56S, EV 70.6 MPH)
|
|
Batting: RHB Billy Best
|
0-0: Ball 1-0: Foul Ball, location: 2F 1-1: Foul Ball, location: 2F 1-2: Fly out, F8 (Line Drive, 8RD, EV 103.8 MPH)
|
|
Batting: RHB Garry Keeton
|
0-0: Called Strike 0-1: Ball 1-1: Fly out, F9 (Flyball, 9, EV 95.6 MPH)
|
| Top of the 5th over - 0 runs, 0 hits, 0 errors, 0 left on base; Quincy 0 - Cedar Rapids 0 |
| BOTTOM OF THE 5TH |
|
Cedar Rapids Cardinals batting - Pitching for Quincy Cubs : RHP Charles Hudson
|
|
Batting: RHB Carson Carroll
|
0-0: Called Strike 0-1: Ball 1-1: Called Strike 1-2: Ball 2-2: SINGLE (Groundball, 56D, EV 97.5 MPH)
|
|
Batting: RHB Dean Kornacker
|
0-0: Grounds into double play, 4-6-3 (Groundball, 4M, EV 86.3 MPH)
|
|
Batting: SHB Bryan Hoppie
|
0-0: Ball 1-0: DOUBLE (Line Drive, 3D, EV 98.1 MPH)
|
|
Batting: SHB Duane Johnson
|
0-0: Ball 1-0: DOUBLE (Flyball, 8RD, EV 96.9 MPH) Bryan Hoppie scores
|
|
Batting: RHB Orlando Ramirez
|
0-0: Ball 1-0: Foul Ball, location: 2F 1-1: Ball 2-1: Swinging Strike 2-2: SINGLE (Groundball, 5D, EV 102.5 MPH) Duane Johnson to third Runner from 3rd tries for Home, SAFE, throw by LF to home Orlando Ramirez to second
|
|
Batting: SHB Steve McAllister
|
0-0: Called Strike 0-1: Swinging Strike 0-2: Foul Ball, location: 2F 0-2: Ball 1-2: Ball 2-2: Ball 3-2: Fly out, F7 (Flyball, 7LM, EV 99.4 MPH)
|
| Bottom of the 5th over - 2 runs, 4 hits, 0 errors, 1 left on base; Quincy 0 - Cedar Rapids 2 |
| TOP OF THE 6TH |
|
Quincy Cubs batting - Pitching for Cedar Rapids Cardinals : RHP Brian Holton
|
|
Batting: LHB Dennis Mork
|
0-0: Swinging Strike 0-1: Called Strike 0-2: Strikes out looking
|
|
Batting: RHB Richard Palmer
|
0-0: Ground out 5-3 (Groundball, 56, EV 103.8 MPH)
|
|
Batting: RHB Alex Juarez
|
0-0: Reached on error, E6 (Groundball, 6D, EV 99.4 MPH)
|
|
Batting: RHB Jack Ayer
|
0-0: Called Strike 0-1: Ball 1-1: Foul Ball, location: 2F 1-2: Ball 2-2: DOUBLE (Flyball, 78D, EV 93.1 MPH) Alex Juarez to third Alex Juarez scores
|
|
Batting: SHB Willie Perez
|
0-0: Ball 1-0: Ball 2-0: Ball 3-0: Called Strike 3-1: Base on Balls
|
|
Batting: RHB Wes Clements
|
0-0: Foul Ball, location: 2F 0-1: Ball 1-1: Foul Ball, location: 2F 1-2: Ball 2-2: Ground out U3 (Groundball, 34, EV 82.5 MPH)
|
| Top of the 6th over - 1 run, 1 hit, 1 error, 2 left on base; Quincy 1 - Cedar Rapids 2 |
| BOTTOM OF THE 6TH |
|
Cedar Rapids Cardinals batting - Pitching for Quincy Cubs : RHP Charles Hudson
|
|
Batting: RHB Reggie D Williams
|
0-0: Ball 1-0: Ground out 2-3 (Groundball, 2R, EV 70.6 MPH)
|
|
Batting: RHB Nehames Bernstine
|
0-0: Ground out 5-3 (Groundball, 56S, EV 75.0 MPH)
|
|
Batting: RHB Winston Ficklin
|
0-0: Ball 1-0: Ball 2-0: Foul Ball, location: 2F 2-1: Fly out, F9 (Flyball, 89S, EV 77.5 MPH)
|
| Bottom of the 6th over - 0 runs, 0 hits, 0 errors, 0 left on base; Quincy 1 - Cedar Rapids 2 |
| TOP OF THE 7TH |
|
Quincy Cubs batting - Pitching for Cedar Rapids Cardinals : RHP Brian Holton
|
|
Batting: RHB Jerry Fry
|
0-0: Swinging Strike 0-1: Foul Ball, location: 2F 0-2: Ball 1-2: Ball 2-2: Strikes out swinging
|
|
Batting: RHB Billy Best
|
0-0: Called Strike 0-1: Ball 1-1: Swinging Strike 1-2: Ball 2-2: Fly out, F9 (Flyball, 9LM, EV 105.6 MPH)
|
|
Batting: RHB Garry Keeton
|
0-0: Ball 1-0: Foul Ball, location: 2F 1-1: Ball 2-1: Ball 3-1: Fly out, F3 (Popup, 3L, EV 80.6 MPH)
|
| Top of the 7th over - 0 runs, 0 hits, 0 errors, 0 left on base; Quincy 1 - Cedar Rapids 2 |
| BOTTOM OF THE 7TH |
|
Cedar Rapids Cardinals batting - Pitching for Quincy Cubs : RHP Charles Hudson
|
|
Batting: RHB Carson Carroll
|
0-0: Ball 1-0: Ball 2-0: Fly out, F9 (Flyball, 9, EV 82.5 MPH)
|
|
Batting: RHB Dean Kornacker
|
0-0: Ball 1-0: Ball 2-0: Called Strike 2-1: SINGLE (Flyball, 7LS, EV 85.0 MPH)
|
|
Batting: SHB Bryan Hoppie
|
0-0: Fly out, F9 (Flyball, 9, EV 93.8 MPH)
|
|
Batting: SHB Duane Johnson
|
0-0: Foul Ball, location: 2F 0-1: Ball 1-1: Swinging Strike 1-2: Ball 2-2: Strikes out swinging
|
| Bottom of the 7th over - 0 runs, 1 hit, 0 errors, 1 left on base; Quincy 1 - Cedar Rapids 2 |
| TOP OF THE 8TH |
|
Quincy Cubs batting - Pitching for Cedar Rapids Cardinals : RHP Brian Holton
|
|
Batting: LHB Dennis Mork
|
0-0: Swinging Strike 0-1: Ball 1-1: Foul Ball, location: 2F 1-2: Fly out, F7 (Flyball, 7, EV 90.6 MPH)
|
|
Batting: RHB Richard Palmer
|
0-0: Ball 1-0: Foul Ball, location: 2F 1-1: Ball 2-1: Ground out 5-3 (Groundball, 5L, EV 110.0 MPH)
|
|
Batting: RHB Alex Juarez
|
0-0: Fly out, F7 (Flyball, 7, EV 93.1 MPH)
|
| Top of the 8th over - 0 runs, 0 hits, 0 errors, 0 left on base; Quincy 1 - Cedar Rapids 2 |
| BOTTOM OF THE 8TH |
|
Cedar Rapids Cardinals batting - Pitching for Quincy Cubs : RHP Charles Hudson
|
|
Batting: RHB Orlando Ramirez
|
0-0: Foul Ball, location: 2F 0-1: Ball 1-1: Fly out, F8 (Line Drive, 8LM, EV 97.5 MPH)
|
|
Batting: SHB Steve McAllister
|
0-0: Ball 1-0: Ball 2-0: Foul Ball, location: 2F 2-1: Ball 3-1: Foul Ball, location: 2F 3-2: Fly out, F7 (Line Drive, 7D, EV 97.5 MPH)
|
|
Batting: RHB Reggie D Williams
|
0-0: Called Strike 0-1: TRIPLE (Line Drive, 8LXD, EV 105.6 MPH)
|
|
Batting: RHB Nehames Bernstine
|
0-0: Called Strike 0-1: Ground out 5-3 (Groundball, 56S, EV 66.3 MPH)
|
| Bottom of the 8th over - 0 runs, 1 hit, 0 errors, 1 left on base; Quincy 1 - Cedar Rapids 2 |
| TOP OF THE 9TH |
|
Quincy Cubs batting - Pitching for Cedar Rapids Cardinals : RHP Brian Holton
|
|
Pitching: RHP Jeffrey Musser
|
|
|
Batting: RHB Jack Ayer
|
0-0: Ball 1-0: Ball 2-0: Ball 3-0: Base on Balls
|
|
Batting: SHB Willie Perez
|
0-0: Called Strike 0-1: Foul Ball, location: 2F 0-2: Foul Ball, location: 2F 0-2: Foul Ball, location: 2F 0-2: Ball 1-2: Foul Ball, location: 2F 1-2: Ball 2-2: Ball 3-2: Fly out, F8 (Flyball, 89D, EV 103.1 MPH)
|
|
Batting: RHB Wes Clements
|
0-0: Fielders Choice at 2nd, 3-6 (Groundball, 3, EV 110.0 MPH)
|
|
Batting: RHB Jerry Fry
|
0-0: Ball 1-0: Ball 2-0: Foul Ball, location: 2F 2-1: Called Strike 2-2: Fly out, F8 (Flyball, 8LM, EV 95.6 MPH)
|
| Top of the 9th over - 0 runs, 0 hits, 0 errors, 1 left on base; Quincy 1 - Cedar Rapids 2 |
|